 Seeded DCSS version 0.29-a0-371-g91724d5b39 (webtiles) character file.

Game seed: 18446744073709551615 (custom seed)

1131 joe1234567 the Sneak (level 8, 0/29 (40) HPs)
             Began as a Vine Stalker Enchanter on May 3, 2022.
             Was an Elder of Lugonu.
             Succumbed to a water moccasin's poison
             ... on level 7 of the Dungeon.
             The game lasted 00:33:50 (6185 turns).

joe1234567 the Sneak (Vine Stalker Enchanter)       Turns: 6185, Time: 00:33:50

HP:   0/29 (40)     AC: 10    Str: 13    XL:     8   Next: 36%
MP:   4/13          EV: 10    Int: 15    God:    Lugonu [****..]
Gold: 129           SH:  0    Dex: 15    Spells: 12/12 levels left

rFire   + + .      SeeInvis .   E - +4 quarterstaff (chaos)
rCold   + . .      Faith    .   (shield currently unavailable)
rNeg    . . .      Spirit   +   C - +0 scale mail
rPois   .          Reflect  .   f - +0 helmet
rElec   .          Harm     .   o - scarf {rC+ rF+}
rCorr   .          Rampage  .   i - +0 pair of gloves
Will    ++...                   l - +0 pair of boots
Stlth   ++........              (no amulet)
HPRegen 0.89/turn               a - ring of protection from fire
MPRegen 0.13/turn               B - ring of willpower

@: lethally poisoned (0 -> -6), about to teleport, very heavily drained
A: fangs 3, regeneration 1, magic shield, antimagic bite, no potion heal 2
a: Renounce Religion, Depart the Abyss, Bend Space, Banish, Corrupt


You were on level 7 of the Dungeon.
You worshipped Lugonu.
Lugonu was greatly pleased with you.
You visited 1 branch of the dungeon, and saw 7 of its levels.

You collected 289 gold pieces.
You spent 160 gold pieces at shops.

Inventory:

Hand Weapons
 n - the +9 whip of Biybben {vorpal, Drain rF+ rN+++ MP+9}
   (You took it off a goblin on level 2 of the Dungeon)

   It inflicts extra damage upon your enemies.
   rF:        It protects you from fire.
   rN:        It renders you almost immune to negative energy.
   MP:        It affects your magic capacity (+9).
   Drain:     It drains your maximum health when unequipped.
 E - a +4 quarterstaff of chaos (weapon)
Armour
 f - a +0 helmet (worn)
 i - a +0 pair of gloves (worn)
 l - a +0 pair of boots (worn)
 o - a scarf of resistance (worn)
 C - a +0 scale mail (worn)
Jewellery
 a - a ring of protection from fire (left hand)
 B - a ring of willpower (right hand)
Wands
 A - a wand of flame (4)
Scrolls
 d - 6 scrolls of teleportation
 p - a scroll of blinking
 q - a scroll of summoning {unknown}
 s - a scroll of identify
 t - a scroll of vulnerability
 v - a scroll of fog {unknown}
 w - 3 scrolls of enchant armour
 x - a scroll of enchant weapon {unknown}
 y - a scroll of immolation {unknown}
 D - a scroll of magic mapping {unknown}
Potions
 b - a potion of berserk rage {unknown}
 c - a potion of invisibility
 e - a potion of heal wounds
 g - 3 potions of curing
 h - 2 potions of flight
 j - a potion of might {unknown}
 k - a potion of brilliance
 m - a potion of mutation {unknown}
 r - a potion of ambrosia
 u - a potion of lignification {unknown}
 z - 2 potions of magic {unknown}


   Skills:
 + Level 3.0 Fighting
 + Level 1.6 Short Blades
 + Level 4.2 Maces & Flails
 + Level 3.4 Armour
 + Level 3.3 Dodging
 + Level 5.1 Stealth
 + Level 2.9 Spellcasting
 + Level 3.5 Hexes
 + Level 1.2 Evocations


You had 12 spell levels left.
You didn't know any spells.
Your spell library contained the following spells:

 Spells                   Type           Power      Damage    Failure   Level
 Confusing Touch          Hex            12%        N/A       52%         3
 Tukima's Dance           Hex            12%        N/A       52%         3
 Ensorcelled Hibernation  Hex/Ice        14%        N/A       54%         2
 Animate Skeleton         Necr           4%         N/A       65%         1
 Apportation              Tloc           4%         N/A       65%         1
 Pain                     Necr           8%         1d4       65%         1
 Sandblast                Erth           4%         2d4       65%         1
 Summon Small Mammal      Summ           8%         N/A       65%         1
 Dazzling Flash           Conj/Hex       14%        N/A       78%         3
 Passwall                 Tmut/Erth      1%         N/A       80%         2
 Sublimation of Blood     Necr           2%         N/A       80%         2
 Ozocubu's Armour         Ice            2%         N/A       95%         3
 Stone Arrow              Conj/Erth      4%         3d7       95%         3
 Vampiric Draining        Necr           2%         2d6       95%         3
 Passage of Golubria      Tloc           2%         N/A       100%        4
 Petrify                  Tmut/Erth      2%         N/A       100%        4
 Irradiate                Conj/Tmut      1%         3d13      100%        5
 Silence                  Hex/Air        3%         N/A       100%        5
 Ozocubu's Refrigeration  Ice            1%         4d5       100%        7
 Lehudib's Crystal Spear  Conj/Erth      1%         10d2      100%        8


Dungeon Overview and Level Annotations

Branches:
Dungeon (7/15)
 Temple: D:4-7

Altars:
Lugonu

Shops:
D:2 [*:((


Innate Abilities, Weirdness & Mutations

You have razor-sharp teeth.
Your natural rate of healing is unusually fast.
When hurt, damage is shared between your health and your magic reserves.
Your bite disrupts and absorbs the magic of your enemies.
Potions cannot restore your health.


Message History

You hit the necrophage but do no damage.
You bite the necrophage. You drain its power.
The necrophage is lightly damaged.
The necrophage hits you but does no damage.
You hit the necrophage.
The necrophage flickers and vanishes!
Deactivating autopickup; reactivate with Ctrl-A.
Your bite misses something. The water moccasin bites you.
You are poisoned.
The water moccasin poisons you! Something hits you.
You feel drained.
You sock something!
Nothing appears to happen.
You feel very sick. The water moccasin misses you.
Something hits you but does no damage. The water moccasin closely misses you.
You completely miss something.
You feel very sick.
The water moccasin bites you but does no damage.
Something hits you but does no damage.
You miss something.
You feel very sick. The water moccasin bites you.
Something hits you but does no damage.
The water moccasin bites you but does no damage.
You miss something. Your bite misses something.
You feel sick.
The water moccasin bites you but does no damage.
Something completely misses you. The water moccasin bites you.
You are more poisoned.
The water moccasin poisons you! Something hits you.
You thump something! Your bite misses something.
You feel very sick.
The orc priest shouts!
You hear a shout!
The water moccasin barely misses you. Something hits you but does no damage.
You completely miss something. Your bite misses something.
You feel very sick.
The water moccasin bites you but does no damage.
Something hits you.
* * * LOW HITPOINT WARNING * * *
The water moccasin bites you!
* * * LOW HITPOINT WARNING * * *
As you read the scroll of teleportation, it crumbles to dust.
You feel strangely unstable.
You die...

... #.# #.#
##### #.# #...
#.###o#####
#.....#<..#
######...(.###.#
#....@{........#
#....S....######
#.....>.......
#............#
######.....?.#
#.......#
#.........
########..


You could see a water moccasin and an orc priest.

Vanquished Creatures
  A sky beast (D:6)
  An ogre (D:4)
  3 bullfrogs
  3 scorpions
  2 howler monkeys (D:4)
  2 hounds (D:3)
  Crazy Yiuf (D:6)
  2 orc priests (D:6)
  A gnoll shaman (D:6)
  An iguana (D:6)
  3 orc wizards
  6 adders
  7 gnolls
  2 ufetubi (D:5)
  2 worms (D:2)
  2 dart slugs
  14 orcs
  7 endoplasms
  4 giant cockroaches
  10 goblins
  4 hobgoblins
  4 kobolds
  9 quokkas
  3 ball pythons
  5 bats
  2 frilled lizards
  2 rats (D:3)
  A bush (D:3)
104 creatures vanquished.

Notes
Turn   | Place    | Note
-------+----------+-------------------------------------------
     0 | D:1      | joe1234567 the Vine Stalker Enchanter began the quest for
                  | the Orb.
     0 | D:1      | Reached XP level 1. HP: 9/9 MP: 4/4
   169 | D:1      | Reached XP level 2. HP: 1/13 MP: 2/6
  1130 | D:2      | Reached skill level 1 in Short Blades
  1130 | D:2      | Reached XP level 3. HP: 12/17 MP: 8/8
  1158 | D:2      | Found Cias's Antique Weapon Boutique.
  1212 | D:2      | Found Luus Qojewy's Book Shop.
  1350 | D:2      | Found Diawunitz's Antique Weapon Shoppe.
  1459 | D:2      | Identified the +9 whip of Biybben {vorpal, Drain rF+ rN+++
                  | MP+9}
  1540 | D:2      | Found a faded altar of an unknown god.
  1568 | D:2      | Prayed at the altar of an unknown god.
  1568 | D:2      | Became a worshipper of Lugonu the Unformed
  1568 | D:2      | Reached * piety under Lugonu
  1568 | D:2      | Reached ** piety under Lugonu
  1710 | D:2      | Reached skill level 4 in Stealth
  1830 | D:2      | Found Gykluajem's Assorted Antiques.
  1912 | D:2      | Found Pigypeh's Antique Armour Shop.
  2019 | D:2      | Gained mutation: Your natural rate of healing is unusually
                  | fast. [Vine Stalker growth]
  2019 | D:2      | Reached XP level 4. HP: 17/21 MP: 9/9
  2608 | D:3      | Reached skill level 1 in Fighting
  2608 | D:3      | Reached skill level 1 in Maces & Flails
  2608 | D:3      | Reached XP level 5. HP: 22/25 MP: 10/10
  3069 | D:2      | Bought an embroidered scarf for 160 gold pieces
  3242 | D:4      | Reached skill level 1 in Armour
  3278 | D:4      | Identified the +5 dagger "Jimpunig" {vorpal, rCorr Stlth+}
  3283 | D:4      | Reached XP level 6. HP: 30/30 MP: 11/11
  3287 | D:4      | Reached *** piety under Lugonu
  3323 | D:4      | Reached XP level 7. HP: 19/34 MP: 12/12
  3921 | D:4      | Reached skill level 5 in Stealth
  4431 | D:5      | Entered Level 5 of the Dungeon
  5301 | D:6      | Gained mutation: You have razor-sharp teeth. [Vine Stalker
                  | growth]
  5301 | D:6      | Reached XP level 8. HP: 28/39 MP: 13/13
  5351 | D:6      | Reached **** piety under Lugonu
  5352 | D:6      | Reached skill level 1 in Evocations
  6072 | D:6      | Found a runed translucent door.
  6073 | D:6      | Noticed Crazy Yiuf
  6081 | D:6      | Killed Crazy Yiuf
  6185 | D:7      | Succumbed to a water moccasin's poison

Illustrated notes

Levels and vault maps discovered:
D:1:      matt_arrival_refuge, layout_basic
D:2:      layout_loops_ring, shapermc_ecumenical_altar_notcrosses, serial_shops,
          nicolae_shop_temple_entry_statues_fountains, shop, shop,
          nicolae_shop_crystal, nicolae_lakefront_shop, minmay_tree_intersection
D:3:      minmay_angry_zag, layout_rooms, cheibrodos_gnoll_hut
D:4:      layout_basic, serial_curves, eino_curves_02, eino_curves_01,
          minmay_divided_ellipse
D:5:      layout_cave_pools, feat_on_display
D:6:      layout_basic, hex_large, minmay_misc_feat_tiny, lightli_orcish_oven,
          uniq_crazy_yiuf_cottage
D:7:      layout_basic, minmay_temple_entry_overgrown, corexii_corridor_pit

Skill      XL: |  1  2  3  4  5  6  7  8 |
---------------+-------------------------+-----
Short Blades   | 1 |  1.6
Stealth        | 4 5 |  5.1
Dodging        | 2 3 |  3.3
Fighting       | 1 2 3 |  3.0
Maces & Flails | 1 2 3 4 |  4.2
Armour         | 1 2 3 |  3.4
Evocations     | 1 |  1.2
Spellcasting   | |  2.9
Hexes          | |  3.5

Action                   |  1- 3 |  4- 6 |  7- 9 || total
-------------------------+-------+-------+-------++-------
Melee: Dagger            |    62 |       |       ||    62
       Bite              |    20 |    43 |    30 ||    93
       Whip              |    19 |   127 |   110 ||   256
       Punch             |     1 |       |     1 ||     2
       Quarterstaff      |       |       |     8 ||     8
Evoke: Wand              |       |     2 |    14 ||    16
  Use: Scroll            |     2 |     2 |     7 ||    11
       Potion            |     1 |     3 |     1 ||     5
 Stab: Sleeping          |     1 |     2 |     2 ||     5
Armor: Robe              |     8 |       |       ||     8
       Ring mail         |    13 |    40 |    25 ||    78
       Scale mail        |       |       |    51 ||    51
Dodge: Dodged            |    63 |    65 |    73 ||   201

Table legend: (Time is in decaauts)
 A = Elapsed time spent in this place.
 B = Non-inter-level travel time spent in this place.
 C = Inter-level travel time spent in this place.
 D = Time resting spent in this place.
 E = Time spent auto-exploring this place.
 F = Levels seen in this place.
 G = Mean time per level.
                   A        B        C        D        E       F      G
               +--------+--------+--------+--------+--------+-----+--------+
         Total |   6179 |   6173 |      6 |      0 |      0 |   7 |  882.7 |
       Dungeon |   6179 |   6173 |      6 |      0 |      0 |   7 |  882.7 |
               +--------+--------+--------+--------+--------+-----+--------+

Top non-repeatable levels by time:
     D:2: 1366 daAuts
     D:4: 1299 daAuts
     D:6: 1199 daAuts
     D:1: 1014 daAuts
     D:3: 752 daAuts
     D:5: 523 daAuts
     D:7: 23 daAuts
